 Dungeon Crawl Stone Soup version 0.18-a0-1570-gf60b0ab (webtiles) character file.

313 mrath the Slasher (level 6, -2/56 HPs)
             Began as a Naga Berserker on Mar 14, 2016.
             Was a Priest of Trog.
             Slain by a wight
             ... wielding a +1 morningstar
              (5 damage)
             ... on level 4 of the Dungeon.
             The game lasted 00:15:15 (3484 turns).

mrath the Slasher (Naga Berserker)                  Turns: 3484, Time: 00:15:15

Health: -2/56      AC:  5    Str: 21    XL:     6   Next: 43%
Magic:  6/6        EV:  8    Int:  8    God:    Trog [***...]
Gold:   99         SH:  0    Dex: 10    Spells: 0 memorised, 5 levels left

rFire  . . .     SeeInvis +     a - +0 falchion
rCold  . . .     Gourm    .     e - +0 ring mail (curse)
rNeg   . . .     Faith    .     (no shield)
rPois  +         Spirit   .     (no helmet)
rElec  .         Dismiss  .     p - +0 cloak
rCorr  .         Reflect  .     (no gloves)
SustAt .         Harm     .     (no barding)
MR     .....                    (no amulet)
Stlth  ..........               (no ring)
                                (no ring)

@: heavily drained, very slow, not resistant to hostile enchantments, extremely
unstealthy
A: see invisible, deformed body, poison resistance, slowness 2, slow metabolism
1, spit poison 2, AC +2
a: Spit Poison, Berserk, Trog's Hand, Burn Spellbooks, Renounce Religion


You were on level 4 of the Dungeon.
You worshipped Trog.
Trog was most pleased with you.
You were hungry.

You visited 1 branch of the dungeon, and saw 4 of its levels.

You collected 99 gold pieces.

Inventory:

Hand Weapons
 a - a +0 falchion (weapon)
 o - a +2 quarterstaff of chaos
 u - a +0 blowgun
Missiles
 d - 176 stones (quivered)
 v - 3 poisoned needles
Armour
 b - a +0 animal skin
 e - a cursed +0 ring mail (worn)
 i - a +0 plate armour
 p - a +0 cloak (worn)
 q - a +3 chain mail of fire resistance
 y - a cursed -2 ring mail
Jewellery
 A - an uncursed ring of magical power {unknown}
Scrolls
 k - a scroll of identify
 l - 2 scrolls of noise {unknown}
 m - 2 scrolls of remove curse {unknown}
 r - 2 scrolls of random uselessness {unknown}
 s - 3 scrolls of teleportation
 w - a scroll of recharging {unknown}
 C - a scroll of amnesia {unknown}
Potions
 f - 6 potions of curing
 g - 2 potions of mutation {unknown}
 h - 4 potions of flight
 j - a potion of heal wounds {unknown}
 t - a potion of agility {unknown}
 x - a potion of ambrosia {unknown}
 z - 3 potions of lignification {unknown}
 B - a potion of haste {unknown}
Comestibles
 c - 3 bread rations
 n - 3 meat rations


   Skills:
 + Level 3.1(1.8) Fighting
 + Level 6.8(5.3) Long Blades
 + Level 1.7(0.4) Armour
 + Level 1.7(0.4) Dodging


You had 5 spell levels left.
You didn't know any spells.

Dungeon Overview and Level Annotations

Branches:
Dungeon (4/15)
 Temple: D:4-7

Altars:
Ashenzari
Gozag
Trog

Shops:
D:4 *


Innate Abilities, Weirdness & Mutations

You cannot wear boots.
Your serpentine skin is tough (AC +2).
You have supernaturally acute eyesight.
Armour fits poorly on your strangely shaped body.
Your system is resistant to poisons.
You cover ground very slowly.
You have a slow metabolism.
You can spit poison.


Message History

You hit the wight but do no damage.
The wight is lightly damaged.
The wight hits you with an enchanted morningstar.
You feel drained.
You barely miss the wight.
The wight is lightly damaged.
The wight hits you with an enchanted morningstar!
* * * LOW HITPOINT WARNING * * *
You hit the wight but do no damage.
The wight is lightly damaged.
The wight hits you with an enchanted morningstar.
* * * LOW HITPOINT WARNING * * *
You completely miss the wight.
The wight is lightly damaged.
The wight hits you with an enchanted morningstar.
* * * LOW HITPOINT WARNING * * *
You slash the wight!
The wight is severely damaged.
The wight hits you with an enchanted morningstar.
You die...

...# #.#.# #...#.##.#.........
...# #.#.# #...#.##.#.........
#######.#.#####........<.........
........................##.####..
.....##########..#..##..##. #..
.....+..................## #..
.....###########.#..##..# #..
.....# #.#....... #.. .....#
######@##.##..## #.# #.#.##
###....#z##.# ... . #....
.......'z# ## #..#.# #.#..z.###
#...... ###.... +.... +.... #....


You could see 2 wights.

Vanquished Creatures
  A wight (D:4)
  An orc priest (D:3)
  Crazy Yiuf (D:2)
  Ijyb (D:2)
  Natasha (thrice) (D:2)
  2 adders
  2 oozes (D:2)
  A worm (D:4)
  4 dart slugs
  4 orcs (D:3)
  7 bats
  13 goblins
  6 hobgoblins
  3 jackals (D:2)
  A ball python (D:1)
  6 giant newts
  11 kobolds
  13 rats
80 creatures vanquished.

Notes
Turn   | Place    | Note
--------------------------------------------------------------
     0 | D:1      | mrath the Naga Berserker began the quest for the Orb.
     0 | D:1      | Reached XP level 1. HP: 21/21 MP: 1/1
   126 | D:1      | Reached XP level 2. HP: 25/28 MP: 2/2
   395 | D:1      | Reached skill level 4 in Long Blades
   430 | D:1      | Reached XP level 3. HP: 21/34 MP: 3/3
   775 | D:2      | Found a bloodstained altar of Trog.
   825 | D:2      | Reached ** piety under Trog
   883 | D:2      | Noticed Crazy Yiuf
   890 | D:2      | Killed Crazy Yiuf
   890 | D:2      | Reached XP level 4. HP: 24/42 MP: 4/4
  1163 | D:2      | Noticed Ijyb
  1207 | D:2      | Killed Ijyb
  1207 | D:2      | Reached skill level 5 in Long Blades
  1253 | D:2      | Found an opulent altar of Gozag.
  1342 | D:2      | Noticed Natasha
  1348 | D:2      | Killed Natasha
  1348 | D:2      | Reached XP level 5. HP: 38/49 MP: 5/5
  1467 | D:2      | Noticed Natasha
  1480 | D:2      | Killed Natasha
  1489 | D:2      | Noticed Natasha
  1495 | D:2      | Killed Natasha
  1495 | D:2      | Reached skill level 6 in Long Blades
  2299 | D:3      | Reached XP level 6. HP: 56/56 MP: 6/6
  2566 | D:3      | Reached *** piety under Trog
  2999 | D:3      | Found a shattered altar of Ashenzari.
  3087 | D:4      | Found Gorurhin's General Store.
  3483 | D:4      | HP: 2/56 [wight/enchanted morningstar (4)]
  3484 | D:4      | Slain by a wight

Vault maps used:
D:1:      scummos_arrival_gate, serial_bayou_pond_a, minmay_bisected
D:2:      bloody_trog, old_standard_altar, minmay_misc_feat_alley,
          feat_on_display, uniq_natasha, uniq_iyjb, uniq_crazy_yiuf_cottage
D:3:      cheibrodos_ashenzari_chains
D:4:      serial_shops, shop, minmay_mini_jars

Skill      XL: |  1  2  3  4  5 |
---------------+----------------+-----
Long Blades    | 4 5 6 |  6.8
Fighting       | |  3.1
Armour         | |  1.7
Dodging        | |  1.7

Action                   |  1- 3 |  4- 6 || total
-------------------------+-------+-------++-------
Melee: Falchion          |    84 |   245 ||   329
Invok: Berserk           |       |     1 ||     1
  Use: Scroll            |       |     3 ||     3
  Eat: Bread ration      |       |     1 ||     1
       Chunk             |       |     3 ||     3
